 Dungeon Crawl Stone Soup version 0.30-a0-313-gae38170b09 (webtiles) character file.

Game seed: 6667640605046344565

1142 MudFish the Conjurer (level 8, -8/44 HPs)
             Began as a Tengu Reaver on Oct 24, 2022.
             Mangled by a gnoll
             ... wielding a +0 halberd
             ... led by a gnoll bouda
              (12 damage)
             ... on level 5 of the Dungeon on Oct 26, 2022.
             The game lasted 00:13:45 (6198 turns).

MudFish the Conjurer (Tengu Reaver)                 Turns: 6198, Time: 00:13:45

Health: -8/44      AC: 12    Str: 12    XL:     8   Next: 37%
Magic:  13/13      EV:  5    Int: 21    God:
Gold:   285        SH:  0    Dex: 14    Spells: 6/12 levels left

rFire   . . .      SeeInvis .    a - +0 spear
rCold   . . .      Faith    .    (no shield)
rNeg    . . .      Spirit   .    h - +0 plate armour
rPois   .          Reflect  .    (helmet restricted)
rElec   .          Harm     .    (no cloak)
rCorr   .          Rampage  .    (no gloves)
Will    .....                    (boots unavailable)
Stlth   ..........               (no amulet)
HPRegen 0.27/turn                l - +6 ring of intelligence
MPRegen 0.13/turn                (no ring)

@: weakened, flying quickly and evasively, quick
A: beak, talons 3, nimble flight
a: no special abilities


You were on level 5 of the Dungeon.
You visited 1 branch of the dungeon, and saw 5 of its levels.

You collected 285 gold pieces.

Inventory:

Hand Weapons
 a - a +0 spear (weapon)
Armour
 e - a +0 scale mail
 f - a +2 scale mail of fire resistance
 h - a +0 plate armour (worn)
Jewellery
 c - a ring of protection from fire
 l - a +6 ring of intelligence (left hand)
Wands
 k - a wand of paralysis (7)
Scrolls
 b - a scroll of teleportation
 g - a scroll of immolation
 i - a scroll of amnesia
 j - a scroll of torment
 q - a scroll of fog
Potions
 m - a potion of brilliance
 o - a potion of flight


   Skills:
 - Level 2.0 Fighting
 * Level 6.7 Polearms
 * Level 5.7 Armour
 - Level 2.9 Dodging
 + Level 2.8 Spellcasting
 - Level 7.8 Conjurations


You had 6 spell levels left.
You knew the following spells:

 Your Spells              Type           Power      Damage    Failure   Level
a - Kiss of Death         Conj/Necr      76%        2d11      98%         1
b - Momentum Strike       Conj/Tloc      38%        3d9       99%         2
c - Hailstorm             Conj/Ice       19%        3d6       100%        3

Your spell library contained the following spells:

 Spells                   Type           Power      Damage    Failure   Level


Dungeon Overview and Level Annotations

Branches:
Dungeon (5/15)
 Temple: D:4-7

Altars:
Elyvilon

Shops:
D:2 ?


Innate Abilities, Weirdness & Mutations

You have a beak for a mouth.
You have claws for feet.
Your magical nature lets you fly swiftly and evasively.


Message History

The water moccasin hisses angrily.
The steam dragon hisses angrily.
The gnoll shouts!
You hear a shout! x3
An orc wizard comes into view. It is wielding a +0 dagger.
The orc wizard gestures at you while chanting.
You are confused.
You bump into the metal wall.
The gnoll shouts!
You hear a shout!
The gnoll bouda barks out a call to the hunt!
The gnolls pick up the pace!
You bump into the metal wall.
The gnoll shouts!
The orc wizard casts a spell at you. The puff of flame hits you!
You bump into the metal wall.
You are engulfed in a cloud of scalding steam.
Unknown command.
You feel less confused.
You are engulfed in a cloud of scalding steam.
The gnoll bouda gazes fiercely through you!
You feel your attacks grow feeble. The orc wizard casts a spell at you.
The puff of flame hits you.
You are engulfed in a cloud of scalding steam.
You are engulfed in a cloud of scalding steam.
Your attacks no longer feel as feeble.
You are engulfed in a cloud of scalding steam.
The gnoll is no longer moving quickly.
The gnoll bouda gazes fiercely through you!
You feel your attacks grow feeble.
The gnoll bouda barks out a call to the hunt!
The gnoll picks up the pace!
The gnoll hits you but does no damage. x2; Space warps horribly around you!
* * * LOW HITPOINT WARNING * * *
The orc wizard hits you but does no damage.
You hit the orc wizard but do no damage.
You claw the orc wizard. Your peck misses the orc wizard.
The orc wizard is lightly wounded.
The gnoll hits you from afar with a +0 halberd!
You die...

#.....##≈≈≈##.#
#....##≈≈≈##..#
#...##≈≈≈##...# .
#..##≈≈≈##....# ..
#.##≈≈≈##.....# ... ######
###≈≈≈##..$...#
...[##....######≈≈≈##.......#
...........#.o#≈≈≈##S.......+
.....g.....#og≈@≈##.........+
.....l.....'÷(≈o#############
#.>.##....##(~~gg.# #
#######......# #...#### #...#
#.... '..... #......


You could see a gnoll bouda, an orc wizard, 2 gnolls and 2 orcs.

Vanquished Creatures
  Grinder (D:3)
  Sigmund (D:4)
  2 black bears
  An ogre (D:4)
  A phantom (D:4)
  A scorpion (D:5)
  3 hounds
  2 orc priests
  Terence (D:3)
  Natasha (thrice) (D:3)
  A gnoll (D:5)
  5 adders
  A worm (D:2)
  3 dart slugs
  10 orcs
  5 endoplasms
  4 giant cockroaches
  6 goblins
  9 hobgoblins
  4 jackals
  6 quokkas
  8 ball pythons
  9 bats
  A frilled lizard (D:2)
  8 kobolds
  4 rats
100 creatures vanquished.

Notes
Turn   | Place    | Note
-------+----------+-------------------------------------------
     0 | D:1      | MudFish the Tengu Reaver began the quest for the Orb.
     0 | D:1      | Reached XP level 1. HP: 12/12 MP: 4/4
    90 | D:1      | Reached XP level 2. HP: 15/17 MP: 6/6
   104 | D:1      | Learned a level 2 spell: Momentum Strike
   330 | D:1      | Reached skill level 1 in Armour
  1532 | D:1      | Found a faded altar of an unknown god.
  2103 | D:2      | Reached XP level 3. HP: 20/21 MP: 7/7
  2395 | D:2      | Found Itud's Magic Scroll Shop.
  2608 | D:2      | Reached XP level 4. HP: 26/26 MP: 8/8
  2612 | D:2      | Learned a level 3 spell: Hailstorm
  2791 | D:3      | Found a white marble altar of Elyvilon.
  2950 | D:3      | Noticed Grinder
  2950 | D:3      | Noticed Terence
  2972 | D:3      | Killed Terence
  2973 | D:3      | Gained mutation: Your magical nature lets you fly swiftly
                  | and evasively. [Tengu growth]
  2973 | D:3      | Reached XP level 5. HP: 30/30 MP: 9/9
  2981 | D:3      | Paralysed by Grinder for 5 turns
  3015 | D:3      | Paralysed by Grinder for 2 turns
  3020 | D:3      | Killed Grinder
  3021 | D:3      | Reached skill level 6 in Conjurations
  3021 | D:3      | Reached XP level 6. HP: 3/35 MP: 10/10
  3223 | D:3      | Noticed Natasha
  3233 | D:3      | Killed Natasha
  3234 | D:3      | Reached skill level 5 in Polearms
  3643 | D:3      | Noticed Natasha
  3648 | D:3      | Killed Natasha
  3836 | D:3      | Noticed Natasha
  3843 | D:3      | Killed Natasha
  3844 | D:3      | Reached XP level 7. HP: 40/40 MP: 11/11
  4332 | D:3      | Upgraded the game from 0.30-a0-310-g7d6cbdfea6 to
                  | 0.30-a0-313-gae38170b09
  4394 | D:4      | Noticed Sigmund
  4418 | D:4      | Killed Sigmund
  4419 | D:4      | Reached skill level 7 in Conjurations
  4962 | D:4      | Reached skill level 5 in Armour
  4962 | D:4      | Reached XP level 8. HP: 31/44 MP: 12/12
  5532 | D:5      | Entered Level 5 of the Dungeon
  6198 | D:5      | Mangled by a gnoll

Illustrated notes

Levels and vault maps discovered:
D:1:      nicolae_arrival_washed_ashore, layout_basic,
          hellmonk_ecumenical_altar_slurped_away
D:2:      layout_loops_ring, serial_shops, nicolae_shop_window_shopping,
          nicolae_elevator_lobby_asterisk
D:3:      layout_basic, elyvilon_altar_1, minivault_19,
          nicolae_concentric_dashed_squares_wild, uniq_terence, uniq_grinder,
          uniq_natasha
D:4:      layout_loops_ring, kennysheep_windowed_goal, uniq_sigmund
D:5:      layout_gridville, mainiacjoe_overflow_brackets,
          chequers_temple_overflow_statue_of_worship, temple_green,
          minivault_24, grunt_ministairs_5, nicolae_shop_i_like_big_books,
          roderic_roman_lattice, minmay_misc_feat_encased,
          kennysheep_opposing_triangles

Skill      XL: |  1  2  3  4  5  6  7 |
---------------+----------------------+-----
Armour         | 1 2 3 5 |  5.7
Polearms       | 4 5 6 |  6.7
Conjurations   | 6 7 |  7.8
Fighting       | |  2.0
Dodging        | |  2.9
Spellcasting   | |  2.8

Action                   |  1- 3 |  4- 6 |  7- 9 || total
-------------------------+-------+-------+-------++-------
Melee: Spear             |    98 |   145 |   155 ||   398
       Kick              |    22 |    23 |    48 ||    93
       Peck              |    10 |    20 |    37 ||    67
       Punch             |       |     2 |     2 ||     4
Throw: Dart              |       |     8 |     8 ||    16
 Cast: Kiss of Death     |     1 |       |       ||     1
  Use: Potion            |       |     7 |     1 ||     8
       Scroll            |       |     4 |     8 ||    12
Armor: Scale mail        |     7 |       |       ||     7
       Plate armour      |    25 |    65 |   107 ||   197
       Leather armour    |     2 |       |       ||     2
       Skin              |       |    22 |       ||    22
Dodge: Dodged            |    24 |    13 |    31 ||    68

Table legend: (Time is in decaauts)
 A = Elapsed time spent in this place.
 B = Non-inter-level travel time spent in this place.
 C = Inter-level travel time spent in this place.
 D = Time resting spent in this place.
 E = Time spent auto-exploring this place.
 F = Levels seen in this place.
 G = Mean time per level.
                   A        B        C        D        E       F      G
               +--------+--------+--------+--------+--------+-----+--------+
         Total |   5979 |   5882 |     97 |   2332 |   2531 |   5 | 1195.8 |
       Dungeon |   5979 |   5882 |     97 |   2332 |   2531 |   5 | 1195.8 |
               +--------+--------+--------+--------+--------+-----+--------+

Top non-repeatable levels by time:
     D:1: 2000 daAuts
     D:3: 1671 daAuts
     D:4: 947 daAuts
     D:2: 739 daAuts
     D:5: 620 daAuts
